SAA
BETHESDA ATOMS @ WESTWOOD SIXSHOOTERS
07/18/2028
 
TOP OF THE 1ST
Bethesda Atoms batting - Pitching for Westwood Sixshooters : RHP Roosevelt Guimond
Pitching: RHP Roosevelt Guimond
Batting: RHB Bartolo Rosas 0-0: Ball
1-0: Ball
2-0: Ball
3-0: Called Strike
3-1: Ground out 5-3 (Groundball, 5L)
Batting: RHB Carlos Soto 0-0: Called Strike
0-1: Foul Ball, location: 2F
0-2: Ball
1-2: Foul Ball, location: 2F
1-2: Strikes out looking
Batting: RHB Patrick Eggen 0-0: Called Strike
0-1: Foul Ball, location: 2F
0-2: Ball
1-2: Strikes out looking
Top of the 1st over - 0 run(s), 0 hit(s), 0 error(s), 0 left on base; Bethesda 0 - Westwood 0
BOTTOM OF THE 1ST
Westwood Sixshooters batting - Pitching for Bethesda Atoms : LHP Phil Miller
Pitching: LHP Phil Miller
Batting: LHB António Quintero 0-0: Ball
1-0: Ball
2-0: Ball
3-0: Called Strike
3-1: Called Strike
3-2: SINGLE (Groundball, 34D)
Batting: LHB Juan Romero 0-0: Ball
Wild Pitch!
António Quintero to second
1-0: Foul Ball, location: 2F
1-1: Ground out 1-3 (Groundball, 13S)
António Quintero to third
Batting: LHB Mitchell Cusimano 0-0: Called Strike
0-1: Ball
1-1: Ball
2-1: Called Strike
2-2: Ball
3-2: Fly out, F3 (Line Drive, 34)
Batting: RHB Alonso Zamora 0-0: Ground out 6-3 (Groundball, 6)
Bottom of the 1st over - 0 run(s), 1 hit(s), 0 error(s), 1 left on base; Bethesda 0 - Westwood 0
TOP OF THE 2ND
Bethesda Atoms batting - Pitching for Westwood Sixshooters : RHP Roosevelt Guimond
Batting: RHB Enrique Ibarra 0-0: Ball
1-0: Ball
2-0: Ball
3-0: Called Strike
3-1: Foul Ball, location: 2F
3-2: Base on Balls
Batting: SHB Nuygen Vuong 0-0: Called Strike
Balk!
Enrique Ibarra to second
0-1: Ball
1-1: Foul Ball, location: 2F
1-2: Ground out 3-1 (Groundball, 34)
Enrique Ibarra to third
Batting: RHB Albert Zamudio 0-0: Ball
1-0: Ball
2-0: Ball
3-0: Called Strike
3-1: Called Strike
3-2: Strikes out looking
Batting: RHB Carlos Deleón 0-0: Ball
1-0: Ball
2-0: Ball
3-0: Base on Balls
Batting: SHB Pedro Ortega 0-0: Ball
1-0: Fly out, F7 (Flyball, 78S)
Top of the 2nd over - 0 run(s), 0 hit(s), 0 error(s), 2 left on base; Bethesda 0 - Westwood 0
BOTTOM OF THE 2ND
Westwood Sixshooters batting - Pitching for Bethesda Atoms : LHP Phil Miller
Batting: LHB Lorenzo Díaz 0-0: Called Strike
0-1: Swinging Strike
0-2: Strikes out looking
Batting: RHB Carlos Cruz 0-0: Foul Ball, location: 2F
0-1: Ground out 1-3 (Groundball, 13S)
Batting: LHB Phil Minor 0-0: Ball
1-0: Foul Ball, location: 2F
1-1: SINGLE (Groundball, 34D)
Batting: RHB Alberto Lastaneda 0-0: Ball
1-0: Called Strike
1-1: Ball
Wild Pitch!
Phil Minor to second
2-1: Ball
3-1: Called Strike
3-2: Foul Ball, location: 2F
3-2: Strikes out swinging
Bottom of the 2nd over - 0 run(s), 1 hit(s), 0 error(s), 1 left on base; Bethesda 0 - Westwood 0
TOP OF THE 3RD
Bethesda Atoms batting - Pitching for Westwood Sixshooters : RHP Roosevelt Guimond
Batting: RHB Héctor Amador 0-0: Called Strike
0-1: Bunt for hit - play at first, batter OUT! 1-3
Batting: RHB Bartolo Rosas 0-0: Ball
1-0: Called Strike
1-1: Called Strike
1-2: Ball
2-2: Ball
3-2: Ground out 6-3 (Groundball, 6)
Batting: RHB Carlos Soto 0-0: Swinging Strike
0-1: Reached on error, E6 (Groundball, 6)
Batting: RHB Patrick Eggen 0-0: Ball
1-0: Swinging Strike
1-1: Swinging Strike
1-2: Ball
Pickoff Throw to First - Out!
Top of the 3rd over - 0 run(s), 0 hit(s), 1 error(s), 0 left on base; Bethesda 0 - Westwood 0
BOTTOM OF THE 3RD
Westwood Sixshooters batting - Pitching for Bethesda Atoms : LHP Phil Miller
Batting: RHB Edgar González 0-0: Bunted foul
0-1: Ball
1-1: Swinging Strike
1-2: Foul Ball, location: 2F
1-2: Strikes out looking
Batting: LHB António Quintero 0-0: Foul Ball, location: 2F
0-1: Ground out 4-3 (Groundball, 4D)
Batting: LHB Juan Romero 0-0: Fly out, F9 (Flyball, 89S)
Bottom of the 3rd over - 0 run(s), 0 hit(s), 0 error(s), 0 left on base; Bethesda 0 - Westwood 0
TOP OF THE 4TH
Bethesda Atoms batting - Pitching for Westwood Sixshooters : RHP Roosevelt Guimond
Batting: RHB Patrick Eggen 0-0: Ball
1-0: Foul Ball, location: 2F
1-1: Called Strike
1-2: Strikes out swinging
Batting: RHB Enrique Ibarra 0-0: Foul Ball, location: 2F
0-1: Called Strike
0-2: Ball
1-2: Ground out 4-3 (Groundball, 4)
Batting: SHB Nuygen Vuong 0-0: Ball
1-0: Ball
2-0: Foul Ball, location: 2F
2-1: Swinging Strike
2-2: Ball
3-2: Reached via error on a dropped throw, E1
Batting: RHB Albert Zamudio 0-0: Ball
1-0: Ball
Passed Ball!
Nuygen Vuong to second
2-0: Ball
3-0: Called Strike
3-1: Base on Balls
Batting: RHB Carlos Deleón 0-0: Called Strike
0-1: Ball
1-1: Called Strike
1-2: Strikes out swinging
Top of the 4th over - 0 run(s), 0 hit(s), 1 error(s), 2 left on base; Bethesda 0 - Westwood 0
BOTTOM OF THE 4TH
Westwood Sixshooters batting - Pitching for Bethesda Atoms : LHP Phil Miller
Batting: LHB Mitchell Cusimano 0-0: Ball
1-0: Ground out 6-3 (Groundball, 6)
Batting: RHB Alonso Zamora 0-0: Ball
1-0: Called Strike
1-1: Called Strike
1-2: Strikes out swinging
Batting: LHB Lorenzo Díaz 0-0: Ball
1-0: Called Strike
1-1: Foul Ball, location: 2F
1-2: Fly out, F6 (Line Drive, 6)
Bottom of the 4th over - 0 run(s), 0 hit(s), 0 error(s), 0 left on base; Bethesda 0 - Westwood 0
TOP OF THE 5TH
Bethesda Atoms batting - Pitching for Westwood Sixshooters : RHP Roosevelt Guimond
Batting: SHB Pedro Ortega 0-0: Ground out 4-3 (Groundball, 4)
Batting: RHB Héctor Amador 0-0: Ball
1-0: Foul Ball, location: 2F
1-1: Ball
2-1: Foul Ball, location: 2F
2-2: Foul Ball, location: 2F
2-2: Reached on error, E5 (Groundball, 56)
Batting: RHB Bartolo Rosas 0-0: Ball
Héctor Amador steals 2nd base
1-0: Intentional Walk
Batting: RHB Carlos Soto 0-0: Called Strike
0-1: Ball
1-1: Ground out 6-3 (Groundball, 6S)
Héctor Amador to third
Bartolo Rosas to second
Batting: RHB Patrick Eggen 0-0: Ball
1-0: Ground out 6-3 (Groundball, 6)
Top of the 5th over - 0 run(s), 0 hit(s), 1 error(s), 2 left on base; Bethesda 0 - Westwood 0
BOTTOM OF THE 5TH
Westwood Sixshooters batting - Pitching for Bethesda Atoms : LHP Phil Miller
Batting: RHB Carlos Cruz 0-0: Ground out U3 (Groundball, 3)
Batting: LHB Phil Minor 0-0: Ball
1-0: Swinging Strike
1-1: Swinging Strike
1-2: Strikes out swinging
Batting: RHB Alberto Lastaneda 0-0: Called Strike
0-1: Ball
1-1: Called Strike
1-2: SINGLE (Line Drive, 3)
Batting: RHB Edgar González 0-0: Ball
1-0: Called Strike
1-1: Foul Ball, location: 2F
1-2: Fly out, F6 (Popup, 6)
Bottom of the 5th over - 0 run(s), 1 hit(s), 0 error(s), 1 left on base; Bethesda 0 - Westwood 0
TOP OF THE 6TH
Bethesda Atoms batting - Pitching for Westwood Sixshooters : RHP Roosevelt Guimond
Batting: RHB Enrique Ibarra 0-0: SINGLE (Line Drive, 89S)
Pitching: RHP José Barajas
Batting: SHB Nuygen Vuong 0-0: Grounds into double play, 6-4-3 (Groundball, 6)
Batting: RHB Albert Zamudio 0-0: Called Strike
0-1: Swinging Strike
0-2: Ball
1-2: Foul Ball, location: 2F
1-2: Ball
2-2: Ball
3-2: Base on Balls
Batting: RHB Carlos Deleón 0-0: Ball
1-0: Fielders Choice at 2nd, 5-4 (Groundball, 56)
Top of the 6th over - 0 run(s), 1 hit(s), 0 error(s), 0 left on base; Bethesda 0 - Westwood 0
BOTTOM OF THE 6TH
Westwood Sixshooters batting - Pitching for Bethesda Atoms : LHP Phil Miller
Batting: LHB António Quintero 0-0: SINGLE (Line Drive, 56D)
Batting: LHB Juan Romero 0-0: Sac Bunt - play at first, batter OUT! 3-4
António Quintero to second
Batting: LHB Mitchell Cusimano 0-0: Ball
1-0: Ground out 6-3 (Groundball, 6)
António Quintero to third
Batting: RHB Alonso Zamora 0-0: Foul Ball, location: 2F
0-1: Swinging Strike
0-2: Foul Ball, location: 2F
0-2: Ball
1-2: Ball
2-2: Ball
3-2: Base on Balls
Batting: LHB Lorenzo Díaz 0-0: Called Strike
0-1: Ball
1-1: Swinging Strike
1-2: Ball
2-2: Ball
3-2: SINGLE (Line Drive, 6M)
António Quintero scores
Alonso Zamora to second
Alonso Zamora to third
Batting: RHB Carlos Cruz 0-0: Foul Ball, location: 2F
0-1: Ball
1-1: Swinging Strike
1-2: Ball
2-2: Fielders Choice at 2nd, 6-4 (Groundball, 6)
Bottom of the 6th over - 1 run(s), 2 hit(s), 0 error(s), 1 left on base; Bethesda 0 - Westwood 1
TOP OF THE 7TH
Bethesda Atoms batting - Pitching for Westwood Sixshooters : RHP José Barajas
Batting: SHB Pedro Ortega 0-0: Called Strike
0-1: Swinging Strike
0-2: Ball
1-2: Ball
2-2: Ball
3-2: Foul Ball, location: 2F
3-2: Base on Balls
Batting: RHB Héctor Amador 0-0: Ball
Pedro Ortega steals 2nd base
1-0: Foul Ball, location: 2F
1-1: Bunted foul
1-2: Strikes out looking
Batting: RHB Bartolo Rosas 0-0: Ball
Pedro Ortega steals 3rd base
1-0: Ground out 5-3 (Groundball, 56)
Pinch Hitting: LHB Diego Rosas 0-0: Ball
1-0: Ball
2-0: Ground out 1-3 (Groundball, 13S)
Top of the 7th over - 0 run(s), 0 hit(s), 0 error(s), 1 left on base; Bethesda 0 - Westwood 1
BOTTOM OF THE 7TH
Westwood Sixshooters batting - Pitching for Bethesda Atoms : LHP Phil Miller
Now at 1B: Leroy Rijerkerk
Batting: LHB Phil Minor 0-0: Ball
1-0: Ball
2-0: Ground out 6-3 (Groundball, 6M)
Batting: RHB Alberto Lastaneda 0-0: Called Strike
0-1: Called Strike
0-2: Foul Ball, location: 2F
0-2: Ball
1-2: Strikes out swinging
Batting: RHB Edgar González 0-0: Ball
1-0: Ground out U3 (Groundball, 34)
Bottom of the 7th over - 0 run(s), 0 hit(s), 0 error(s), 0 left on base; Bethesda 0 - Westwood 1
TOP OF THE 8TH
Bethesda Atoms batting - Pitching for Westwood Sixshooters : RHP José Barajas
Pitching: RHP Alfonso Santa Maria
Now in LF: José Martínez
Batting: RHB Patrick Eggen 0-0: Called Strike
0-1: Swinging Strike
0-2: Ball
1-2: Ball
2-2: DOUBLE (Line Drive, 7LM)
Batting: RHB Enrique Ibarra 0-0: Called Strike
0-1: Foul Ball, location: 2F
0-2: Strikes out swinging, 2-3 out at first.
Batting: SHB Nuygen Vuong 0-0: Ball
1-0: Ball
2-0: Swinging Strike
2-1: Ball
3-1: Base on Balls
Pinch Hitting: LHB Raúl Godines 0-0: Fly out, F9 (Line Drive, 89XD)
Runner from 2nd tags up, SAFE at 3rd, no throw
Batting: RHB Carlos Deleón 0-0: Ball
1-0: Ball
2-0: Called Strike
2-1: Foul Ball, location: 2F
2-2: Foul Ball, location: 2F
2-2: Foul Ball, location: 2F
2-2: Strikes out swinging
Top of the 8th over - 0 run(s), 1 hit(s), 0 error(s), 2 left on base; Bethesda 0 - Westwood 1
BOTTOM OF THE 8TH
Westwood Sixshooters batting - Pitching for Bethesda Atoms : LHP Phil Miller
Now in LF: Raúl Godines
Batting: LHB António Quintero 0-0: Ball
1-0: Called Strike
1-1: Called Strike
1-2: Strikes out swinging
Batting: LHB Juan Romero 0-0: Ball
1-0: Ball
2-0: Ball
3-0: Called Strike
3-1: Foul Ball, location: 2F
3-2: Foul Ball, location: 2F
3-2: Fly out, F9 (Line Drive, 89M)
Batting: LHB Mitchell Cusimano 0-0: Called Strike
0-1: Fly out, F7 (Flyball, 78M)
Bottom of the 8th over - 0 run(s), 0 hit(s), 0 error(s), 0 left on base; Bethesda 0 - Westwood 1
TOP OF THE 9TH
Bethesda Atoms batting - Pitching for Westwood Sixshooters : RHP Alfonso Santa Maria
Pitching: RHP Kevin Samuels
Pinch Hitting: RHB Chase Mooney 0-0: Foul Ball, location: 2F
0-1: Called Strike
0-2: Ball
1-2: Ball
2-2: Foul Ball, location: 2F
2-2: Strikes out swinging
Pinch Hitting: RHB Enoch Reinhardt 0-0: Ball
1-0: Called Strike
1-1: Fly out, F7 (Flyball, 7D)
Batting: RHB Bartolo Rosas 0-0: Called Strike
0-1: DOUBLE (Line Drive, 7LM)
Pinch Hitting: RHB Carlos Ávila 0-0: Hit by Pitch
Batting: RHB Patrick Eggen 0-0: Ball
1-0: SINGLE (Groundball, 34D)
Bartolo Rosas to third
Carlos Ávila to second
Runner from 3rd tries for Home, SAFE, no throw
Batting: RHB Enrique Ibarra 0-0: Ball
1-0: Swinging Strike
1-1: Ball
2-1: Foul Ball, location: 2F
2-2: Foul Ball, location: 2F
2-2: Foul Ball, location: 2F
2-2: Ball
3-2: Foul Ball, location: 2F
3-2: Foul Ball, location: 2F
3-2: Foul Ball, location: 2F
3-2: Fly out, F8 (Flyball, 8RM)
Top of the 9th over - 1 run(s), 2 hit(s), 0 error(s), 2 left on base; Bethesda 1 - Westwood 1
BOTTOM OF THE 9TH
Westwood Sixshooters batting - Pitching for Bethesda Atoms : LHP Phil Miller
Now at 1B: Raúl Francisco
Now at 3B: Carlos Ávila
Now at SS: Chase Mooney
Pinch Hitting: RHB Steve Bock 0-0: Ball
1-0: Foul Ball, location: 2F
1-1: SINGLE (Line Drive, 7LM)
Pinch Runner at 1st Manny Flores:
Pinch Hitting: RHB Sancho Tornero 0-0: Ball
Manny Flores steals 2nd base
1-0: Intentional Walk
Batting: RHB Carlos Cruz 0-0: Bunted foul
0-1: Sac Bunt - play at first, batter OUT! U3
Manny Flores to third
Sancho Tornero to second
Batting: LHB Phil Minor 0-0: Intentional Walk
Pitching: RHP Ashweather Cett
Pinch Hitting: RHB Chris Corella 0-0: Swinging Strike
0-1: Ball
1-1: Foul Ball, location: 2F
1-2: Strikes out swinging
Batting: LHB José Martínez 0-0: Ball
1-0: Ball
2-0: Fielders Choice at 2nd, 4-6 (Groundball, 4)
Bottom of the 9th over - 0 run(s), 1 hit(s), 0 error(s), 2 left on base; Bethesda 1 - Westwood 1
TOP OF THE 10TH
Bethesda Atoms batting - Pitching for Westwood Sixshooters : RHP Kevin Samuels
Now at C: Manny Flores
Now at 1B: Jesús Rodríguez
Now in CF: Nick Hoskins
Batting: SHB Nuygen Vuong 0-0: Fly out, F5 (Popup, 56)
Batting: LHB Raúl Godines 0-0: Called Strike
0-1: Ball
1-1: Called Strike
1-2: Strikes out swinging
Pinch Hitting: RHB Jesús Sánchez 0-0: Foul Ball, location: 2F
0-1: Foul Ball, location: 2F
0-2: Strikes out swinging
Top of the 10th over - 0 run(s), 0 hit(s), 0 error(s), 0 left on base; Bethesda 1 - Westwood 1
BOTTOM OF THE 10TH
Westwood Sixshooters batting - Pitching for Bethesda Atoms : RHP Ashweather Cett
Now in LF: Jesús Sánchez
Pinch Hitting: SHB Ramón García 0-0: Foul Ball, location: 2F
0-1: DOUBLE (Line Drive, 9LM)
Pinch Hitting: LHB Jim Schlossnagle 0-0: Called Strike
0-1: Ground out 4-3 (Groundball, 4)
Ramón García to third
Batting: LHB Mitchell Cusimano 0-0: Intentional Walk
Pinch Hitting: RHB Leo Shoemaker 0-0: Ball
1-0: Swinging Strike
1-1: Ball
2-1: SINGLE (Groundball, 56D)
Ramón García scores
Wednesday, August 16th, 2017 - OOTP Baseball 17.12 Build 75